Map: Efflorescence LE

Players

Massa - Winner!

  • Race: Terran Terran
  • League: Platinum
  • Spawn Location: 12:00

qqq - Winner!

  • Race: Zerg Zerg
  • Spawn Location: 3:00

Dexter

  • Race: Zerg Zerg
  • League: Gold
  • Spawn Location: 6:00

Haiden

  • Race: Protoss Protoss
  • League: Diamond
  • Spawn Location: 9:00

VOD

Have the link to the VOD?

Description

Time

  • Played on: Nov. 1, 2020, 5:03 p.m.
  • Length: 5:06
Show
View Real Time Build Order
Export as new Build Order

Massa Terran - Winner!

Build Orders:  

Get SALT Encoding   

  12  0:00  SCV  
  13  0:12  SCV  
  14  0:18  Supply Depot  
  14  0:24  SCV  
  15  0:40  SCV  
  15  0:42  Barracks  
  16  0:50  Supply Depot  
  16  0:52  SCV  
  17  1:00  Refinery  
  17  1:04  SCV  
  18  1:15  Barracks  
  18  1:30  Marine  
  19  1:32  Barracks  
  19  1:33  SCV  
  20  1:46  SCV  
  21  1:48  Marine  
  22  1:58  Orbital Command  
  22  2:05  Barracks Tech Lab  
  22  2:06  Marine  
  23  2:20  Marine  
  24  2:23  Marine, Supply Depot  
  24  2:25  Marauder  
  27  2:38  Marine  
  27  2:41  Marine  
  29  2:46  Marauder  
  31  2:53  Supply Depot  
  31  2:56  Marine  
  31  2:57  Stimpack  
  32  2:59  Marine  
  33  3:08  Marauder  
  35  3:14  Marine  
  35  3:17  Marine  
  37  3:28  Supply Depot  
  37  3:29  Marauder  
  37  3:32  Marine  
  40  3:35  Marine  
  41  3:49  Marine  
  41  3:50  Marauder  
  41  3:52  Marine  
  45  4:10  Marine x2  
  45  4:12  Marauder  
  45  4:15  Command Center  
Show
View Real Time Build Order
Export as new Build Order

qqq Zerg - Winner!

Build Orders: Hatch First 

Get SALT Encoding   

  12  0:03  Drone  
  13  0:09  Drone  
  14  0:38  Hatchery  
  13  0:43  Drone  
  13  0:49  Overlord  
  14  0:57  Extractor, Drone  
  14  1:18  Spawning Pool  
  14  1:24  Drone x2  
  15  1:27  Drone  
  16  1:35  Drone  
  17  1:49  Drone  
  18  2:02  Drone x2  
  18  2:03  Drone  
  18  2:05  Queen  
  23  2:14  Drone  
  24  2:19  Metabolic Boost  
  24  2:31  Drone, Zergling x2  
  24  2:32  Zergling x2  
  24  2:36  Overlord  
  27  2:43  Overlord  
  27  2:45  Zergling x2  
  28  2:57  Drone x2  
  29  2:58  Zergling x2  
  29  3:03  Zergling x2  
  31  3:08  Baneling Nest  
  31  3:11  Drone  
  31  3:16  Queen  
  31  3:18  Zergling x2  
  34  3:20  Zergling x2  
  35  3:33  Zergling x6  
  36  3:34  Zergling x2  
  36  3:35  Zergling x2  
  38  3:44  Zergling x2  
  39  3:57  Zergling x2  
  39  3:58  Zergling x6  
  43  4:03  Baneling x4  
  43  4:04  Baneling x3  
  43  4:06  Overlord  
  43  4:23  Overlord x2  
Show
View Real Time Build Order
Export as new Build Order

Dexter Zerg 

Build Orders: Hatch First 

Get SALT Encoding   

  12  0:00  Drone  
  13  0:13  Overlord  
  13  0:20  Drone  
  14  0:33  Drone  
  14  0:34  Drone  
  16  0:38  Drone  
  17  0:56  Hatchery  
  16  1:00  Drone  
  16  1:03  Extractor  
  16  1:15  Spawning Pool  
  16  1:17  Drone  
  16  1:29  Drone  
  16  1:30  Drone x2  
  19  2:02  Queen  
  19  2:03  Metabolic Boost  
  19  2:08  Drone, Queen  
  24  2:19  Zergling x4  
  26  2:28  Overlord  
  26  2:32  Drone x2  
  28  2:47  Drone  
  28  2:48  Overlord  
  29  3:00  Lair  
  29  3:01  Queen  
  29  3:03  Drone x2  
  33  3:15  Drone  
  34  3:30  Drone x3  
  35  3:39  Roach Warren  
  34  3:42  Zergling x8  
  34  3:43  Extractor, Zergling x4  
  39  3:54  Overlord  
  39  4:05  Zergling x6  
  41  4:19  Roach  
  41  4:20  Roach x4  
  51  4:25  Overlord  
Show
View Real Time Build Order
Export as new Build Order

Haiden Protoss 

Build Orders:  

Get SALT Encoding   

  12  0:00  Probe  
  13  0:12  Probe  
  14  0:18  Pylon  
  14  0:24  Probe  
  15  0:37  Probe, Gateway  
  16  0:49  Probe  
  17  0:50  Assimilator  
  17  1:01  Probe (Chrono Boost)  
  17  1:02  Assimilator  
  18  1:13  Probe (Chrono Boost)  
  19  1:21  Probe (Chrono Boost)  
  20  1:27  Probe  
  20  1:28  Cybernetics Core  
  21  1:39  Probe  
  22  1:48  Nexus  
  22  1:52  Probe  
  23  1:58  Pylon  
  23  2:19  Stalker, Warp Gate  
  25  2:25  Robotics Facility  
  25  2:30  Probe  
  26  2:43  Probe  
  27  2:49  Stalker  
  29  2:55  Probe  
  30  3:03  Probe  
  31  3:07  Probe  
  33  3:13  Observer  
  33  3:18  Pylon  
  33  3:19  Stalker  
  35  3:20  Probe (Chrono Boost)  
  35  3:21  Probe (Chrono Boost)  
  35  3:25  Assimilator  
  37  3:30  Probe x2 (Chrono Boost)  
  37  3:31  Gateway  
  39  3:35  Probe (Chrono Boost)  
  39  3:36  Probe, Pylon  
  41  3:44  Stargate  
  41  3:48  Probe  
  42  3:58  Immortal (Chrono Boost)  
  42  4:00  Probe (Chrono Boost)  
  47  4:14  Zealot  
  49  4:27  Oracle  
  50  4:44  Zealot  
  50  4:45  Stalker  
Tags
 
Add a new tag
Caveats
  • Supply blocks, unpowered buildings, or Contaminate may cause inaccurate times.
  • Supply counts are checked every 10 seconds.